 Dungeon Crawl Stone Soup version 0.28.0-53-g5a82cb258f (webtiles) character file.

Game seed: 808535320601886038

46 gobodom the Gusty (level 3, -2/24 HPs)
             Began as a Demonspawn Air Elementalist on June 18, 2022.
             Killed by nerve-wracking pain
             ... invoked by an orc priest
              (6 damage)
             ... on level 3 of the Dungeon.
             The game lasted 00:09:17 (2580 turns).

gobodom the Gusty (Demonspawn Air Elementalist)     Turns: 2580, Time: 00:09:18

Health: -2/24      AC:  3    Str: 10    XL:     3   Next: 46%
Magic:  6/6        EV: 12    Int: 16    God:
Gold:   38         SH:  0    Dex: 13    Spells: 5/6 levels left

rFire   . . .      SeeInvis .   j - +1 mace (protect)
rCold   . . .      Faith    .   (no shield)
rNeg    . . .      Spirit   .   a - +0 robe
rPois   .          Reflect  .   o - +1 hat
rElec   .          Harm     .   (no cloak)
rCorr   .          Rampage  .   (no gloves)
Will    .....                   (no boots)
Stlth   ++........              (no amulet)
HPRegen 0.08/turn               (no ring)
MPRegen 0.10/turn               (no ring)

@: no status effects
A: powered by death 1, demonic touch 1
a: no special abilities


You were on level 3 of the Dungeon.
You visited 1 branch of the dungeon, and saw 3 of its levels.

You collected 38 gold pieces.

Inventory:

Hand Weapons
 j - a +1 mace of protection (weapon)
Missiles
 n - 5 poisoned darts (quivered)
Armour
 a - a +0 robe (worn)
 o - a +1 hat (worn)
Scrolls
 b - a scroll of blinking
 d - a scroll of noise
 e - a scroll of magic mapping
 f - 4 scrolls of teleportation
Potions
 c - a potion of haste
 g - 3 potions of heal wounds {unknown}
 h - a potion of degeneration {unknown}
 i - a potion of curing {unknown}
 k - a potion of lignification {unknown}
 l - a potion of brilliance {unknown}
 m - a potion of magic {unknown}


   Skills:
 + Level 0.3 Fighting
 + Level 0.3 Maces & Flails
 + Level 1.9 Dodging
 + Level 2.1 Stealth
 + Level 2.3 Spellcasting
 + Level 1.3 Conjurations
 + Level 3.3 Air Magic


You had 5 spell levels left.
You knew the following spells:

 Your Spells              Type           Power      Damage    Failure   Level
a - Shock                 Conj/Air       36%        1d5       8%          1

Your spell library contained the following spells:

 Spells                   Type           Power      Damage    Failure   Level
 Static Discharge         Conj/Air       9%         N/A       12%         2
 Swiftness                Air            12%        N/A       16%         3
 Airstrike                Air            6%         N/A       45%         4


Dungeon Overview and Level Annotations

Branches:
Dungeon (3/15)

Altars:


Innate Abilities, Weirdness & Mutations

You regenerate a little health from kills.
Your touch may inflict minor irresistible damage on your foes.


Message History

There is a stone staircase leading down here.
You now have 38 gold pieces (gained 8).
Found a scroll of magic mapping.
b - a scroll of blinking
Found a stone staircase leading down.
e - a scroll of magic mapping A kobold comes into view.
It is wielding a +0 short sword.
The kobold shouts!
You completely miss the kobold.
The kobold hits you with a +0 short sword.
You closely miss the kobold.
The kobold hits you with a +0 short sword.
You hit the kobold.
Your weapon exudes an aura of protection.
You kill the kobold!
You see here a +0 short sword.
You start resting.
HP restored.
An orc priest comes into view. It is wielding a +0 club.
An orc and an orc wizard come into view.
The orc shouts!
The orc wizard shouts!
You hear a shout!
The orc priest looks encouraged for a moment.
An orc comes into view. It is wielding a +0 club.
Throw: 6 darts (poison)
Press: ? - help, Q - select action, (/) - cycle Shift-Dir - straight line, f - orc priest
Aim: an orc priest, wielding a +0 club (56% to hit)
You throw a poisoned dart. The poisoned dart hits the orc priest.
The orc priest calls down the wrath of Beogh upon you.
Beogh smites you!
A hobgoblin comes into view.
The orc wizard casts a spell.
The orc wizard flickers and vanishes!
Deactivating autopickup; reactivate with Ctrl-A.
The orc priest invokes the aid of Beogh against you.
Beogh smites you!
Ouch! That really hurt!
* * * LOW HITPOINT WARNING * * *
The orc priest mumbles some strange prayers to Beogh against you.
Pain shoots through your body!
You die...

#.......g.....................
...###...{..##..###............
#.##.#............#.<.>...
#.##...##.###.............
#..#..###.###.............
#######....## #..##.............
##.........o.####.##.#...........
#...........o.##....>..........†.
................@........#.)..)..
...............#.................
.......).......#........#........
...............#........##...>...
...............#...<....##.......
#....>........##........##..#####
##.....#.....########..####..
#######...### ... #.. ##..#


You could see an orc priest and an orc.

Vanquished Creatures
  A worm (D:2)
  5 orcs (D:3)
  4 giant cockroaches
  3 hobgoblins
  2 jackals (D:2)
  6 kobolds
  2 quokkas
  4 ball pythons
  3 goblins
  4 rats (D:1)
34 creatures vanquished.

Vanquished Creatures (collateral kills)
  An endoplasm (D:2)
1 creature vanquished.

Grand Total: 35 creatures vanquished

Notes
Turn   | Place    | Note
-------+----------+-------------------------------------------
     0 | D:1      | gobodom the Demonspawn Air Elementalist began the quest for
                  | the Orb.
     0 | D:1      | Reached XP level 1. HP: 13/13 MP: 3/3
   237 | D:1      | Reached skill level 3 in Air Magic
   370 | D:1      | Gained mutation: Your touch may inflict minor irresistible
                  | damage on your foes. [demonic ancestry]
   370 | D:1      | Reached XP level 2. HP: 19/19 MP: 3/5
  1434 | D:1      | Found a faded altar of an unknown god.
  1892 | D:2      | Gained mutation: You regenerate a little health from kills.
                  | [demonic ancestry]
  1892 | D:2      | Reached XP level 3. HP: 13/24 MP: 3/6
  2580 | D:3      | Killed from afar by an orc priest

Illustrated notes

Levels and vault maps discovered:
D:1:      minmay_arrival_jagged, layout_basic,
          dilly_ecumenical_altar_fadedgnrine
D:2:      layout_rooms
D:3:      layout_rooms, general_overflow_altar, uniq_sigmund

Skill      XL: |  1  2 |
---------------+-------+-----
Air Magic      | 3 |  3.3
Stealth        | 2 |  2.1
Fighting       | |  0.3
Maces & Flails | |  0.3
Dodging        | |  1.9
Spellcasting   | |  2.3
Conjurations   | |  1.3

Action                   || total
-------------------------++-------
Melee: Unarmed           ||    18
       Punch             ||     2
       Whip              ||    51
       Touch             ||    12
       Mace              ||     3
Throw: Stone             ||     3
       Dart              ||     1
 Cast: Shock             ||    44
  Use: Scroll            ||     7
 Stab: Sleeping          ||     2
Armor: Robe              ||    14
Dodge: Dodged            ||    45
